 Dungeon Crawl Stone Soup version 0.28-a0-1128-gb845255321 (webtiles) character file.

Game seed: 608656983698612179

3969 AvatarAndi78 the Cleaver (level 10, -12/90 HPs)
             Began as a Minotaur Berserker on Dec 12, 2021.
             Was an Elder of Trog.
             Mangled by a death yak (16 damage)
             ... on level 7 of the Dungeon.
             The game lasted 00:19:53 (5742 turns).

AvatarAndi78 the Cleaver (Minotaur Berserker)       Turns: 5742, Time: 00:19:54

Health: -12/90     AC: 14    Str: 24    XL:     10   Next: 2%
Magic:  9/9        EV: 12    Int: 10    God:    Trog [****..]
Gold:   769        SH:  6    Dex: 12    Spells: 9/9 levels left

rFire   + . .      SeeInvis .   B - +2 war axe (vorpal)
rCold   + . .      Faith    .   D - +2 buckler
rNeg    . . .      Spirit   .   E - +2 scale mail {rF+}
rPois   .          Reflect  .   (helmet restricted)
rElec   .          Harm     .   p - +2 cloak
rCorr   .          Rampage  .   f - +0 pair of gloves
Will    .....                   (no boots)
Stlth   +.........              k - amulet of regeneration
HPRegen 1.05/turn               o - ring of protection from cold
MPRegen 0.11/turn               a - +6 ring of intelligence

@: mighty, about to teleport, on berserk cooldown, slowed, very slow
A: horns 2, retaliatory headbutt
a: Renounce Religion, Berserk, Trog's Hand, Brothers in Arms


You were on level 7 of the Dungeon.
You worshipped Trog.
Trog was greatly pleased with you.
You visited 1 branch of the dungeon, and saw 8 of its levels.
You also visited: Bailey.

You collected 769 gold pieces.

Inventory:

Hand Weapons
 r - a +0 long sword
 B - a +2 vorpal war axe (weapon)
 C - a +0 spear of flaming
Missiles
 w - 38 boomerangs (quivered)
Armour
 f - a +0 pair of gloves (worn)
 p - a +2 cloak (worn)
 D - a +2 buckler (worn)
 E - a +2 scale mail of fire resistance (worn)
Jewellery
 a - a +6 ring of intelligence (right hand)
 k - an amulet of regeneration (around neck)
 o - a ring of protection from cold (left hand)
 H - a ring of magical power
Wands
 G - a wand of charming (2)
Scrolls
 b - 2 scrolls of fear
 c - a scroll of immolation
 j - 2 scrolls of silence
 s - a scroll of enchant weapon
 t - 3 scrolls of summoning
 v - a scroll of holy word
 x - 3 scrolls of magic mapping
 y - a scroll of torment {unknown}
 A - a scroll of amnesia {unknown}
Potions
 d - 3 potions of mutation {unknown}
 e - 2 potions of cancellation {unknown}
 h - 2 potions of ambrosia {unknown}
 i - 3 potions of brilliance {unknown}
 l - a potion of attraction {unknown}
 m - a potion of curing {unknown}
 n - a potion of haste {unknown}
 q - a potion of might
 u - 3 potions of flight
 z - a potion of heal wounds {unknown}
 F - a potion of invisibility {unknown}


   Skills:
 + Level 8.4 Fighting
 + Level 6.8 Long Blades
 + Level 9.2(9.4) Axes
 + Level 2.1(6.2) Polearms
 + Level 2.4 Throwing
 + Level 6.6 Armour
 + Level 6.0 Dodging
 + Level 2.8 Stealth
 + Level 2.9 Shields


You had 9 spell levels left.
You didn't know any spells.
Your spell library was empty.

Dungeon Overview and Level Annotations

Branches:
Dungeon (8/15)             Temple (0/1) D:7          Bailey (visited)
   Lair: D:8-11

Altars:
Ashenzari
Hepliaklqana
Qazlal

Shops:
D:6 (

Annotations:
D:7 1 runed translucent door, Stonecrops's ghost, novice GrFi


Innate Abilities, Weirdness & Mutations

You have a pair of horns on your head.
You reflexively headbutt those who attack you in melee.


Message History

You headbutt the death yak.
The death yak snorts and paws the ground.
You climb upwards.
Level annotation: 1 runed translucent door, Stonecrops's ghost, novice GrFi You feel the effects of Trog's Hand fading.
There is a stone staircase leading down here.
You hit the death yak.
The death yak is lightly wounded.
The death yak gores you! The death yak gores you.
You slice the death yak!! Your headbutt misses the death yak.
The death yak is moderately wounded.
The death yak gores you!
You barely miss the death yak.
The death yak is moderately wounded.
Your skin stops crawling.
You feel less strong-willed. You block the death yak's attack.
The death yak gores you!
You slash the death yak!
The death yak is heavily wounded.
The death yak gores you!
The death yak gores you but does no damage.
You hit the death yak but do no damage.
You headbutt the death yak, but do no damage.
The death yak is heavily wounded.
The death yak gores you!!
* * * LOW HITPOINT WARNING * * *
You feel very mighty all of a sudden. The death yak barely misses you.
You furiously retaliate!
You headbutt the death yak!
The death yak gores you but does no damage.
As you read the scroll of teleportation, it crumbles to dust.
You feel strangely unstable. The death yak gores you!!
* * * LOW HITPOINT WARNING * * *
You barely miss the death yak.
The death yak is heavily wounded.
The death yak barely misses you. The death yak gores you.
* * * LOW HITPOINT WARNING * * *
You slice the death yak!! You headbutt the death yak.
The death yak is almost dead.
The death yak gores you!
You die...

########### #.........##
############
#.###......#####..........# ##
#.# #.###........########.####.
##.###.# ##.#####.# #.......#.
##...##.####.# #.#####.#####.#.
...#.......#.# ###....##.# #.#.
##...##.##.#.# #..#......# #...
###...#.##.#.###@.....<..# #.#.
...<....##.....Y.........#####.#.
.####.######.###...............#)
........>...[# #.#...........####
.###...#####.# #.#....######.# .#
#...# #.###.#.#### #.# .#
#...#####.##....# #.#
.###............#..# #.#
.#.......###.##..>.# #.#


You could see a death yak.

Vanquished Creatures
  A death yak (D:8)
  Grinder (D:3)
  A yak (D:8)
  3 steam dragons (D:7)
  4 orc warriors (Bailey)
  An ice beast (D:7)
  2 sky beasts
  5 ogres
  A hornet zombie (D:6)
  2 centaurs (D:7)
  A necrophage (D:4)
  3 bullfrogs
  A gnoll sergeant (D:5)
  3 killer bees (D:7)
  3 wights (D:7)
  A howler monkey (D:6)
  A bullfrog zombie (D:7)
  A hound (D:4)
  2 bullfrog skeletons
  2 centaur skeletons
  2 jellies
  A scorpion zombie (D:5)
  Natasha (D:3)
  2 iguanas
  16 gnolls
  11 adders
  4 ufetubi
  An adder zombie (D:5)
  An adder skeleton (D:5)
  2 worms
  2 dart slugs
  8 orcs
  7 endoplasms
  2 giant cockroaches
  8 goblins
  11 hobgoblins
  17 kobolds
  A quokka (D:3)
  8 ball pythons
  4 bats (D:1)
  A frilled lizard (D:2)
  9 rats
158 creatures vanquished.

Notes
Turn   | Place    | Note
-------+----------+-------------------------------------------
     0 | D:1      | AvatarAndi78 the Minotaur Berserker began the quest for the
                  | Orb.
     0 | D:1      | Reached XP level 1. HP: 19/19 MP: 0/0
   189 | D:1      | Reached skill level 4 in Axes
   189 | D:1      | Reached XP level 2. HP: 27/27 MP: 1/1
   767 | D:2      | Reached XP level 3. HP: 33/33 MP: 2/2
   932 | D:2      | Found a broken altar of Ashenzari.
  1027 | D:2      | Reached XP level 4. HP: 41/41 MP: 3/3
  1036 | D:2      | Reached skill level 5 in Axes
  1092 | D:2      | Found a faded altar of an unknown god.
  1098 | D:2      | Reached ** piety under Trog
  1504 | D:3      | Found a hazy altar of Hepliaklqana.
  1573 | D:3      | Found a stormy altar of Qazlal.
  1649 | D:3      | Reached XP level 5. HP: 47/47 MP: 4/4
  1779 | D:3      | Noticed Natasha
  1785 | D:3      | Killed Natasha
  2051 | D:3      | Noticed Grinder
  2062 | D:3      | Killed Grinder
  2063 | D:3      | Reached skill level 5 in Fighting
  2063 | D:3      | Reached skill level 6 in Axes
  2063 | D:3      | Reached skill level 1 in Stealth
  2063 | D:3      | Reached XP level 6. HP: 56/56 MP: 5/5
  2422 | D:4      | Reached XP level 7. HP: 29/61 MP: 6/6
  2762 | D:4      | Found a broken altar of Ashenzari.
  2911 | D:4      | Reached skill level 1 in Long Blades
  3307 | D:5      | Entered Level 5 of the Dungeon
  3498 | D:5      | Reached XP level 8. HP: 57/70 MP: 7/7
  3565 | D:5      | Reached *** piety under Trog
  3669 | D:5      | Reached skill level 5 in Dodging
  4276 | D:6      | Reached skill level 5 in Long Blades
  4361 | D:6      | Found Aneyxeo's Antique Weapon Shop.
  4471 | D:7      | Reached skill level 1 in Shields
  4507 | D:7      | Reached skill level 7 in Axes
  4587 | D:7      | Found a flagged portal.
  4592 | D:7      | Reached XP level 9. HP: 79/79 MP: 8/8
  4599 | Bailey   | Entered a bailey
  4662 | Bailey   | Reached **** piety under Trog
  4764 | Bailey   | Reached skill level 5 in Armour
  4791 | Bailey   | Reached skill level 1 in Polearms
  4798 | Bailey   | Reached skill level 1 in Throwing
  5121 | D:7      | Found a staircase to the Ecumenical Temple.
  5151 | D:7      | Found a runed translucent door.
  5151 | D:7      | Noticed Stonecrops's ghost (novice GrFi)
  5179 | D:7      | Reached skill level 8 in Axes
  5706 | D:8      | Noticed a death yak
  5709 | D:8      | Noticed a death yak
  5716 | D:8      | Noticed a death yak
  5726 | D:8      | Killed a death yak
  5727 | D:8      | Reached skill level 9 in Axes
  5728 | D:8      | Reached XP level 10. HP: 65/90 MP: 9/9
  5740 | D:7      | HP: 4/90 [death yak (21)]
  5742 | D:7      | Mangled by a death yak

Illustrated notes

Levels and vault maps discovered:
D:1:      noname_arrival_rooms_in_the_neighbourhood, layout_rooms,
          dk_noncrumbling_2
D:2:      layout_basic, basic_altar, chequers_ecumenical_altar_simple_redux,
          roderic_lattice_a
D:3:      layout_basic, mainiacjoe_overflow_catwalk_spiral,
          minmay_curled_crystal, minmay_misc_feat_hallway, grunt_ministairs_9,
          amcnicky_mini_rare_corridor_liquid, minmay_misc_feat_rugged,
          palyth_stone_intersect, uniq_natasha, uniq_grinder
D:4:      minmay_general_purpose_star, layout_loops_ring,
          nicolae_ashenzari_panopticon, small_statue_alley_b,
          kennysheep_another_room, minmay_pentangle
D:5:      layout_basic
D:6:      layout_rooms, serial_shops, nicolae_shop_overgrown_old_shop
D:7:      layout_loops_ring, minmay_temple_entry_trees, enter_bailey_7,
          ebering_ghost_reflecting_pool, kennysheep_potato
D:8:      layout_basic, dpeg_lair_monsters, minmay_checkerbox

Skill      XL: |  1  2  3  4  5  6  7  8  9 |
---------------+----------------------------+-----
Axes           | 4 5 6 7 9 |  9.2
Fighting       | 4 5 6 7 8 |  8.4
Dodging        | 3 4 5 6 |  6.0
Armour         | 3 4 6 |  6.6
Stealth        | 1 2 |  2.8
Long Blades    | 3 6 |  6.8
Shields        | 1 2 |  2.9
Polearms       | 2 |  2.1
Throwing       | 2 |  2.4

Action                   |  1- 3 |  4- 6 |  7- 9 | 10-12 || total
-------------------------+-------+-------+-------+-------++-------
Melee: Hand axe          |    51 |    83 |    20 |       ||   154
       Headbutt          |     5 |    17 |    49 |     2 ||    73
       Long sword        |       |     8 |   131 |       ||   139
       War axe           |       |       |    97 |     7 ||   104
       Spear             |       |       |    34 |       ||    34
Throw: Boomerang         |       |       |    15 |       ||    15
Invok: Berserk           |     1 |     3 |     4 |       ||     8
       Trog's Hand       |       |     1 |     2 |       ||     3
  Use: Scroll            |       |       |     9 |     1 ||    10
       Potion            |       |       |     2 |     1 ||     3
 Stab: Sleeping          |       |     2 |     1 |       ||     3
Armor: Animal skin       |    13 |     5 |       |       ||    18
       Leather armour    |       |     4 |    30 |       ||    34
       Scale mail        |       |       |    96 |     2 ||    98
Dodge: Dodged            |    50 |    47 |   143 |     3 ||   243
Block: Buckler           |       |       |    55 |     2 ||    57

Table legend: (Time is in decaauts)
 A = Elapsed time spent in this place.
 B = Non-inter-level travel time spent in this place.
 C = Inter-level travel time spent in this place.
 D = Time resting spent in this place.
 E = Time spent auto-exploring this place.
 F = Levels seen in this place.
 G = Mean time per level.
                   A        B        C        D        E       F      G
               +--------+--------+--------+--------+--------+-----+--------+
         Total |   5872 |   5640 |    232 |      0 |   4296 |   9 |  652.4 |
       Dungeon |   5495 |   5263 |    232 |      0 |   4157 |   8 |  686.9 |
        Bailey |    376 |    376 |      0 |      0 |    139 |   1 |  376.0 |
               +--------+--------+--------+--------+--------+-----+--------+

Top non-repeatable levels by time:
     D:4: 1047 daAuts
     D:7: 913 daAuts
     D:2: 856 daAuts
     D:3: 820 daAuts
     D:5: 783 daAuts
     D:1: 650 daAuts
     D:6: 388 daAuts
  Bailey: 376 daAuts
     D:8: 35 daAuts
